 Dungeon Crawl Stone Soup version 0.23-a0-629-gae4348f (webtiles) character file.

12 Leeroy the Slasher (level 2, -2/23 HPs)
             Began as a Barachi Skald on Dec 26, 2018.
             Slain by a kobold
             ... wielding a +0 dagger of electrocution
              (8 damage)
             ... on level 1 of the Dungeon.
             The game lasted 00:01:20 (579 turns).

Leeroy the Slasher (Barachi Skald)                   Turns: 579, Time: 00:01:22

Health: -2/23      AC:  3    Str: 12    XL:     2   Next: 33%
Magic:  5/5        EV: 12    Int: 13    God:
Gold:   59         SH:  0    Dex: 11    Spells: 4/5 levels left

rFire    . . .     SeeInvis .   a - +0 falchion
rCold    . . .     Gourm    .   (no shield)
rNeg     . . .     Faith    .   b - +0 leather armour
rPois    .         Spirit   .   (no helmet)
rElec    .         Reflect  .   (no cloak)
rCorr    .         Harm     .   (no gloves)
MR       .....                  (no boots)
Stlth    +.........             (no amulet)
HPRegen  0.07/turn              (no ring)
MPRegen  0.09/turn              (no ring)

@: slow
A: +LOS, swims, slowness 1, strong legs 1
a: Hop


You were on level 1 of the Dungeon.
You were not hungry.

You visited 1 branch of the dungeon, and saw 1 of its levels.

You collected 59 gold pieces.

Inventory:

Hand Weapons
 a - a +0 falchion (weapon)
Missiles
 i - 30 stones (quivered)
Armour
 b - a +0 leather armour (worn)
Jewellery
 h - an uncursed ring of resist corrosion {unknown}
 k - a +2 ring of intelligence {unknown}
Scrolls
 c - 3 scrolls of amnesia {unknown}
 j - 3 scrolls of teleportation {unknown}
Potions
 e - a potion of haste {unknown}
 f - a potion of magic {unknown}
Comestibles
 d - 3 rations
 g - 3 chunks of flesh


   Skills:
 - Level 2.4 Fighting
 + Level 3.6 Long Blades
 - Level 1.2 Armour
 - Level 2.1 Dodging
 - Level 2.1 Spellcasting
 - Level 3.2 Charms


You had 4 spell levels left.
You knew the following spells:

 Your Spells              Type           Power        Failure   Level  Hunger
a - Infusion              Chrm           #...         9%          1    ##.....

Your spell library contained the following spells:

 Spells                   Type           Power        Failure   Level  Hunger
 Song of Slaying          Chrm           #.......     12%         2    ###....
 Shroud of Golubria       Chrm/Tloc      #.........   24%         2    ###....
 Regeneration             Chrm/Necr      #.........   43%         3    ####...
 Spectral Weapon          Hex/Chrm       #.......     43%         3    ####...


Dungeon Overview and Level Annotations

Branches:
Dungeon (1/15)

Altars:


Innate Abilities, Weirdness & Mutations

Shadows flee at your approach. (+LOS)
You can swim through water.
You cover ground slowly.
You can hop short distances.


Message History

Found a notched garnet ring.
The bat misses you.
You riposte.
You hit the bat.
You kill the bat!
No target in view!
No target in view!
No target in view!
No target in view!
No target in view!
No target in view!
k - a notched garnet ring
There are no items here.
A kobold comes into view.
It is wielding a +0 dagger of electrocution.
The kobold shouts!
The kobold hits you with a +0 dagger of electrocution.
You are electrocuted!
Ouch! That really hurt!
The kobold hits you with a +0 dagger of electrocution.
* * * LOW HITPOINT WARNING * * *
You are electrocuted!
You die...

.....#.#.....#......##.#
#.####
.....#.#.##..#.####.##.#
#....#
.............#.##.#.##.#
###.##
....#.#####.##.##...##.#
#.#
............##.##......#
#.#
...##.####..##.#########
#.# ...##..# #..##.#..
#.# #####..# #..##.#K#
#.# ....'#.# #..##.#@#
#.# .....#.# #..##...#
#.# ##...#.# #..######.#
#.# ###..#.# #.........#
#.# ###..#.# #.#########
#.# ##...#.# #.#######
#######.## .....#..
#.......# #........#
....##..########.#
#.########
######...#######.# #.#


You could see a kobold.

Vanquished Creatures
  3 bats (D:1)
  2 goblins (D:1)
  A hobgoblin (D:1)
  A frilled lizard (D:1)
  A kobold (D:1)
  4 rats (D:1)
12 creatures vanquished.

Notes
Turn   | Place    | Note
-------+----------+-------------------------------------------
     0 | D:1      | Leeroy the Barachi Skald began the quest for the Orb.
     0 | D:1      | Reached XP level 1. HP: 17/17 MP: 3/3
   175 | D:1      | Reached XP level 2. HP: 23/23 MP: 5/5
   579 | D:1      | Slain by a kobold

Vault maps used:
D:1:      minmay_arrival_four_loops, minmay_crystal_room, minmay_bisected

Skill      XL: |  1 |
---------------+----+-----
Long Blades    | 3 |  3.6
Fighting       | |  2.4
Armour         | |  1.2
Dodging        | |  2.1
Spellcasting   | |  2.1
Charms         | |  3.2

Action                   || total
-------------------------++-------
Melee: Falchion          ||    20
Armor: Leather armour    ||    10
Dodge: Dodged            ||    24
       Rpst.: Falchion   ||    11

Table legend:
 A = Non-vault XP
 B = Vault XP
 C = Vault XP percentage of total XP
 D = Non-vault monster count
 E = Vault monster count
 F = Vault count percentage of total count
                 A         B        C        D         E       F
            +---------+---------+-------+---------+---------+-------
      Total |      15 |       3 |  16.7 |       9 |       3 |  25.0
            +---------+---------+-------+---------+---------+-------
        D:1 |      15 |       3 |  16.7 |       9 |       3 |  25.0
            +---------+---------+-------+---------+---------+-------
